 Dungeon Crawl Stone Soup version 0.29.0-4-gdea44cf6ec (webtiles) character file.

Game seed: 1272273602782235390

578 qw the Chopper (level 7, 0/41 HPs)
             Began as a Tengu Warper on Aug 28, 2022.
             Succumbed to a water moccasin's poison
             ... on level 5 of the Dungeon.
             The game lasted 00:00:26 (5340 turns).

qw the Chopper (Tengu Warper)                       Turns: 5340, Time: 00:00:27

Health: 0/41       AC: 15    Str: 13    XL:     7   Next: 35%
Magic:  11/11      EV:  5    Int: 14    God:
Gold:   185        SH:  0    Dex: 19    Spells: 10/10 levels left

rFire   . . .      SeeInvis .   d - +0 hand axe
rCold   . . .      Faith    .   (no shield)
rNeg    . . .      Spirit   .   l - +0 plate armour
rPois   .          Reflect  .   (helmet restricted)
rElec   .          Harm     .   (no cloak)
rCorr   .          Rampage  .   (no gloves)
Will    .....                   (boots unavailable)
Stlth   ..........              (no amulet)
HPRegen 0.13/turn               b - +4 ring of protection
MPRegen 0.12/turn               m - +6 ring of dexterity

@: lethally poisoned (0 -> -23), flying quickly and evasively, quick
A: beak, talons 3, nimble flight
a: no special abilities


You were on level 5 of the Dungeon.
You visited 1 branch of the dungeon, and saw 5 of its levels.

You collected 185 gold pieces.


Innate Abilities, Weirdness & Mutations

You have a beak for a mouth.
You have claws for feet.
Your magical nature lets you fly swiftly and evasively.


   Skills:
 - Level 3.1 Fighting
 + Level 7.6 Axes
 - Level 1.0 Throwing
 - Level 3.2 Armour
 - Level 2.2 Dodging
 - Level 2.0 Spellcasting
 - Level 2.4 Translocations


You had 10 spell levels left.
You didn't know any spells.
Your spell library contained the following spells:

 Spells                   Type           Power      Damage    Failure   Level
 Blink                    Tloc           16%        N/A       100%        2
 Gell's Gravitas          Tloc           8%         N/A       100%        3
 Lesser Beckoning         Tloc           8%         N/A       100%        3
 Teleport Other           Tloc           8%         N/A       100%        3
 Manifold Assault         Tloc           8%         N/A       100%        5

Inventory:

Hand Weapons
 d - a +0 hand axe (weapon)
 h - a +0 mace
Missiles
 k - a boomerang (quivered)
Armour
 l - a +0 plate armour (worn)
Jewellery
 b - a +4 ring of protection (left hand)
 m - a +6 ring of dexterity (right hand)
Scrolls
 a - a scroll of identify
Potions
 c - a potion of attraction {unknown}
 e - a potion of resistance
 f - a potion of ambrosia {unknown}
 g - a potion of invisibility {unknown}
 i - a potion of curing {unknown}
 j - a potion of heal wounds {unknown}

Dungeon Overview and Level Annotations

Branches:
Dungeon (5/15)
 Temple: D:4-7

Altars:
Dithmenos
Elyvilon
Ru

Shops:
D:2 (   D:4 *

Annotations:
D:5 Dowan, Duvessa


Message History

You hear the quick rusting of a drain nearby.
Dowan casts a spell at Duvessa.
Duvessa seems to speed up.
Enter note: A water moccasin comes into view.
Duvessa hits you but does no damage.
You barely miss Duvessa. Your kick misses Duvessa.
Duvessa hits you with a +0 short sword.
You hit Duvessa. You peck Duvessa.
Duvessa is lightly wounded.
Duvessa hits you but does no damage.
Dowan casts a spell.
Dowan blinks!
You hit Duvessa. You claw Duvessa, but do no damage.
Duvessa is lightly wounded.
Duvessa gestures with her weapon.
Duvessa hits you with a +0 short sword. x2
You barely miss Duvessa. You peck Duvessa, but do no damage.
Duvessa is lightly wounded.
You miss the water moccasin. The water moccasin bites you.
Duvessa hits you with a +0 short sword.
You hit Duvessa.
Duvessa is moderately wounded.
You miss the water moccasin. The water moccasin bites you.
You are poisoned.
The water moccasin poisons you! Duvessa hits you with a +0 short sword.
The water moccasin bites you but does no damage.
Duvessa hits you but does no damage.
You barely miss Duvessa.
Duvessa is moderately wounded.
You hit the water moccasin.
You feel very sick. The water moccasin bites you.
You are more poisoned.
The water moccasin poisons you! Duvessa hits you with a +0 short sword.
You hit Duvessa. Your kick misses Duvessa. You peck Duvessa, but do no damage.
Duvessa is moderately wounded.
You hit the water moccasin.
You die...

#........+....#
#.)###...##...#
#+#####'###..)##...######
.........................
.........................
.........................
.........................
#...##..####..###........
#~..########..##@.#.....#
..~.)......#...eS........
~~~.#......#......#.}.}.#
~.#.#......#.............
~~#.#......#......#e....#
~.#.#.....##...##...._...
~~####....##### ..# ....
~ ####'##### .. ...
#........#


You could see Duvessa (fast), a water moccasin and Dowan.

Vanquished Creatures
  An ogre (D:4)
  A necrophage (D:4)
  2 scorpions (D:4)
  A jelly (D:3)
  An orc priest (D:3)
  An orc wizard (D:3)
  Ijyb (D:3)
  3 iguanas
  4 adders
  A dart slug (D:3)
  10 orcs
  5 bats
  7 endoplasms
  2 giant cockroaches
  6 goblins
  10 hobgoblins
  2 jackals (D:3)
  5 kobolds
  2 quokkas
  6 ball pythons
  6 frilled lizards
  2 rats (D:1)
79 creatures vanquished.

Vanquished Creatures (others)
  3 fungi (D:4)
3 creatures vanquished.

Grand Total: 82 creatures vanquished

Notes
Turn   | Place    | Note
-------+----------+-------------------------------------------
     0 | D:1      | qw the Tengu Warper began the quest for the Orb.
     0 | D:1      | Reached XP level 1. HP: 12/12 MP: 4/4
     0 | D:1      | 0 ||| qw: Version: 0.1-a-89-g26bdef1
     0 | D:1      | 0 ||| qw: Game counter: 350
     0 | D:1      | 0 ||| qw: Always use a shield: true
     0 | D:1      | 0 ||| qw: God list: Okawaru
     0 | D:1      | 0 ||| qw: Allow faded altars: false
     0 | D:1      | 0 ||| qw: Do Orc after D:15 true
     0 | D:1      | 0 ||| qw: Do second Lair branch before Depths: true
     0 | D:1      | 0 ||| qw: Lair rune preference: random
     0 | D:1      | 0 ||| qw: Plans: Normal
     0 | D:1      | 0 ||| PLANNING D:1-11
    54 | D:1      | 54 ||| Stepping ~*~*~tactically~*~*~ (stealth).
   444 | D:1      | Reached skill level 3 in Axes
   444 | D:1      | Reached XP level 2. HP: 17/17 MP: 6/6
  1003 | D:1      | 1003 ||| DROPPING +6 ring of intelligence.
  1004 | D:1      | 1004 ||| READING scroll labelled OTEOSE LA MOST.
  1005 | D:1      | 1005 ||| READING scroll labelled LUONOPR DAUCINN.
  1006 | D:1      | 1006 ||| READING scroll labelled ESAILU TY GAT.
  1007 | D:1      | 1007 ||| DROPPING scroll of blinking.
  1044 | D:2      | Found Xaciun's Antique Weapon Shoppe.
  1048 | D:2      | 1048 ||| SHOPLISTING whip (52 gold, have 30).
  1082 | D:2      | Found a faded altar of an unknown god.
  1151 | D:2      | Reached XP level 3. HP: 21/21 MP: 7/7
  1214 | D:2      | 1214 ||| Stepping ~*~*~tactically~*~*~ (stealth).
  1215 | D:2      | 1215 ||| Stepping ~*~*~tactically~*~*~ (stealth).
  1362 | D:2      | Reached skill level 4 in Axes
  1423 | D:2      | 1423 ||| Stepping ~*~*~tactically~*~*~ (stealth).
  1428 | D:2      | 1428 ||| Stepping ~*~*~tactically~*~*~ (stealth).
  1504 | D:2      | Reached XP level 4. HP: 14/26 MP: 8/8
  2035 | D:2      | 2035 ||| UPGRADING to +0 ring mail.
  2045 | D:2      | 2045 ||| DROPPING +0 leather armour.
  2046 | D:2      | 2046 ||| UPGRADING to +6 ring of dexterity.
  2047 | D:2      | 2047 ||| DROPPING ring of wizardry.
  2048 | D:2      | 2048 ||| UPGRADING to ring of positive energy.
  2049 | D:2      | 2049 ||| READING scroll labelled TEXTYH ZUNE.
  2050 | D:2      | 2050 ||| READING scroll labelled CAROSATUGE.
  2051 | D:2      | 2051 ||| READING scroll labelled ICREQO TALUI.
  2052 | D:2      | 2052 ||| READING 2 scrolls labelled WUT BIEDIUPLI.
  2053 | D:2      | 2053 ||| DROPPING scroll of vulnerability.
  2082 | D:3      | 2082 ||| Stepping ~*~*~tactically~*~*~ (stealth).
  2083 | D:3      | 2083 ||| Stepping ~*~*~tactically~*~*~ (stealth).
  2198 | D:3      | 2198 ||| Stepping ~*~*~tactically~*~*~ (stealth).
  2200 | D:3      | 2200 ||| Stepping ~*~*~tactically~*~*~ (stealth).
  2203 | D:3      | 2203 ||| Stepping ~*~*~tactically~*~*~ (stealth).
  2205 | D:3      | 2205 ||| Stepping ~*~*~tactically~*~*~ (stealth).
  2207 | D:3      | 2207 ||| Stepping ~*~*~tactically~*~*~ (stealth).
  2210 | D:3      | Reached skill level 5 in Axes
  2215 | D:3      | 2215 ||| FLEEEEING.
  2216 | D:3      | 2216 ||| Stepping ~*~*~tactically~*~*~ (stealth).
  2217 | D:3      | 2217 ||| Stepping ~*~*~tactically~*~*~ (stealth).
  2219 | D:3      | 2219 ||| Stepping ~*~*~tactically~*~*~ (stealth).
  2225 | D:3      | HP: 6/26 [orc priest/+0 dagger (1)]
  2230 | D:3      | Gained mutation: Your magical nature lets you fly swiftly
                  | and evasively. [Tengu growth]
  2230 | D:3      | Reached XP level 5. HP: 4/30 MP: 9/9
  2526 | D:3      | 2526 ||| DROPPING +0 club.
  2910 | D:3      | Noticed Ijyb
  2945 | D:3      | Killed Ijyb
  3235 | D:3      | Reached skill level 6 in Axes
  3323 | D:3      | 3323 ||| UPGRADING to +0 chain mail.
  3333 | D:3      | 3333 ||| DROPPING +0 ring mail.
  3334 | D:3      | 3334 ||| UPGRADING to +0 plate armour.
  3344 | D:3      | 3344 ||| DROPPING +0 chain mail.
  3345 | D:3      | 3345 ||| READING scroll labelled ODDIACZ EDEREM.
  3346 | D:3      | 3346 ||| DRINKING 2 dark potions.
  3347 | D:3      | 3347 ||| READING 2 scrolls of identify.
  3347 | D:3      | 3347 ||| IDENTIFYING red potion
  3348 | D:3      | 3348 ||| DROPPING potion of flight.
  3405 | D:4      | Noticed an ogre
  3405 | D:4      | Found Gauw's Gadget Gallery.
  3412 | D:4      | Killed an ogre
  3413 | D:4      | Reached skill level 3 in Armour
  3413 | D:4      | Reached XP level 6. HP: 14/35 MP: 10/10
  3413 | D:4      | 3413 ||| FLEEEEING.
  3414 | D:4      | 3414 ||| FLEEEEING.
  3415 | D:4      | 3415 ||| STAIRDANCE
  3602 | D:4      | 3602 ||| STAIRDANCE
  3621 | D:4      | 3621 ||| STAIRDANCE
  3825 | D:4      | 3825 ||| STAIRDANCE
  3960 | D:4      | 3960 ||| SHOPLISTING wand of digging (6) (302 gold, have
                  | 161).
  4003 | D:4      | Found a shadowy altar of Dithmenos.
  4043 | D:4      | Reached skill level 7 in Axes
  4256 | D:4      | Reached XP level 7. HP: 38/40 MP: 11/11
  4275 | D:4      | 4275 ||| Stepping ~*~*~tactically~*~*~ (stealth).
  4282 | D:4      | Reached skill level 3 in Fighting
  4416 | D:4      | Found a sacrificial altar of Ru.
  4740 | D:4      | 4740 ||| UPGRADING to +4 ring of protection.
  4742 | D:4      | 4742 ||| UPGRADING to +6 ring of dexterity.
  4744 | D:4      | 4744 ||| DROPPING ring of positive energy.
  4835 | D:4      | 4835 ||| Stepping randomly (stuck).
  4866 | D:5      | Entered Level 5 of the Dungeon
  4867 | D:5      | 4867 ||| PLANNING SEWER
  4889 | D:5      | HP: 7/41 [iguana (4)]
  4893 | D:5      | HP: 3/41 [iguana (4)]
  5331 | D:5      | Found a white marble altar of Elyvilon.
  5331 | D:5      | Noticed Duvessa
  5331 | D:5      | Noticed Dowan
  5339 | D:5      | HP: 9/41 [water moccasin (4)]
  5339 | D:5      | HP: 4/41 [Duvessa/+0 short sword (5)]
  5340 | D:5      | Succumbed to a water moccasin's poison

Levels and vault maps discovered:
D:1:      giann_bridges, layout_loops_corners, minmay_misc_feat_secret_circle
D:2:      layout_loops_ring, serial_shops, nicolae_shop_hallway_stairs,
          ebering_ecumenical_altar_sacrificial, nicolae_elevator_lobby_asterisk
D:3:      layout_basic, uniq_ijyb
D:4:      layout_rooms, mainiacjoe_overflow_six_doors_small,
          mainiacjoe_overflow_boulevard, serial_corexii_hall,
          corexii_hall_statues_i, corexii_hall_statues_x,
          corexii_hall_statues_u, chequers_hall_statues_wall_a,
          grunt_ministairs_5, nicolae_shop_gadgets
D:5:      layout_gridville, elyvilon_altar_5, temple_pool_b,
          gup_sewer_entry_pipe, uniq_duvessa, uniq_eustachio

Skill      XL: |  1  2  3  4  5  6  7 |
---------------+----------------------+-----
Axes           | 3 4 5 6 7 |  7.6
Armour         | 3 |  3.2
Fighting       | 3 |  3.1
Throwing       | |  1.0
Dodging        | |  2.2
Spellcasting   | |  2.0
Translocations | |  2.4

Action                   |  1- 3 |  4- 6 |  7- 9 || total
-------------------------+-------+-------+-------++-------
Melee: Hand axe          |    62 |   104 |    56 ||   222
       Kick              |    10 |    33 |    17 ||    60
       Peck              |     7 |    15 |     9 ||    31
       Punch             |     1 |     1 |     1 ||     3
Throw: Boomerang         |     7 |    23 |       ||    30
  Use: Scroll            |     3 |     6 |       ||     9
       Potion            |       |     1 |       ||     1
Armor: Leather armour    |    12 |     1 |       ||    13
       Ring mail         |       |    15 |       ||    15
       Plate armour      |       |    27 |    19 ||    46
Dodge: Dodged            |    28 |    40 |    10 ||    78

Table legend:
 A = Non-vault XP
 B = Vault XP
 C = Vault XP percentage of total XP
 D = Non-vault monster count
 E = Vault monster count
 F = Vault count percentage of total count
                 A         B        C        D         E       F
            +---------+---------+-------+---------+---------+-------
      Total |     752 |      74 |   9.0 |      76 |       3 |   3.8
            +---------+---------+-------+---------+---------+-------
        D:1 |      30 |       0 |   0.0 |      18 |       0 |   0.0
        D:2 |      61 |       0 |   0.0 |      16 |       0 |   0.0
        D:3 |     189 |      36 |  16.0 |      26 |       1 |   3.7
        D:4 |     428 |      38 |   8.2 |      12 |       2 |  14.3
        D:5 |      44 |       0 |   0.0 |       4 |       0 |   0.0
            +---------+---------+-------+---------+---------+-------
